 Dungeon Crawl Stone Soup version 0.28-a0-872-g80cf8599ee (webtiles) character file.

Game seed: 1689144471833235870

53 sanka the Chopper (level 3, -1/31 HPs)
             Began as a Palentonga Abyssal Knight on Nov 20, 2021.
             Was a Follower of Lugonu.
             Succumbed to an adder's poison
             ... on level 2 of the Dungeon.
             The game lasted 00:01:16 (1729 turns).

sanka the Chopper (Palentonga Abyssal Knight)       Turns: 1729, Time: 00:01:16

Health: -1/31      AC:  4    Str: 17    XL:     3   Next: 64%
Magic:  4/4        EV:  9    Int: 10    God:    Lugonu [*.....]
Gold:   63         SH:  0    Dex: 10    Spells: 2/2 levels left

rFire   + . .      SeeInvis +   a - +1 hand axe
rCold   + . .      Faith    .   (no shield)
rNeg    . . .      Spirit   .   b - +0 leather armour
rPois   .          Reflect  .   (no helmet)
rElec   .          Harm     .   d - scarf {rC+ rF+}
rCorr   .          Rampage  .   (no gloves)
Will    +....                   (no barding)
Stlth   +.........              (no amulet)
HPRegen 0.10/turn               g - ring of willpower
MPRegen 0.09/turn               (no ring)

@: lethally poisoned (-1 -> -11)
A: large, rugged brown scales 3, see invisible, deformed body, roll 1, armoured
tail, deterioration 1, low mp 1, passive freeze
a: Rolling Charge, Renounce Religion, Depart the Abyss


You were on level 2 of the Dungeon.
You worshipped Lugonu.
Lugonu was aware of your devotion.
You visited 1 branch of the dungeon, and saw 2 of its levels.
You visited the Abyss 1 time.

You collected 63 gold pieces.


Innate Abilities, Weirdness & Mutations

You are completely covered in rugged brown scales. (AC +3, +7% HP)
You have supernaturally acute eyesight. (SInv)
Armour fits poorly on your strangely shaped body.
You can roll at nearby foes to attack.
You have a long armoured tail.
Your body sometimes deteriorates upon taking damage.
Your magical capacity is low. (-10% MP)
A frigid envelope surrounds you and freezes all who hurt you.


   Skills:
 - Level 3.0 Fighting
 + Level 4.1 Axes
 - Level 1.5 Armour
 - Level 0.7 Dodging
 - Level 2.0 Invocations


You had 2 spell levels left.
You didn't know any spells.
Your spell library was empty.

Inventory:

Hand Weapons
 a - a +1 hand axe (weapon)
Armour
 b - a +0 leather armour (worn)
 d - a scarf of resistance (worn)
Jewellery
 g - a ring of willpower (left hand)
Scrolls
 c - a scroll of identify {unknown}
 f - a scroll of teleportation {unknown}
Potions
 h - a potion of flight {unknown}
 i - a potion of attraction {unknown}
 j - a potion of might {unknown}

Dungeon Overview and Level Annotations

Branches:
Dungeon (2/15)

Altars:

Annotations:
D:2 Jessica

▒.▒ ▒.▒
▒..▒▒.▒.▒ ..▒
▒.▒ ▒..▒▒.▒.▒
.▒▒▒ ▒.▒
▒..▒▒.▒.▒ .
▒.▒▒▒..▒▒.▒.▒
▒...........▒
▒....▒▒▒.▒▒▒ .
..▒▒▒.▒▒
....▒...▒▒▒▒▒▒▒
........HSg...▒
....▒...▒▒.....▒
.........▒ .....
...▒.▒▒..£ ....
▒.... .... ...
▒.▒▒ ▒..... ..
....▒. . ▒▒.▒▒


You could see an adder and a goblin.


Message History

The adder is almost dead.
You feel sick. The adder bites you.
* * * LOW HITPOINT WARNING * * *
You are more poisoned.
The adder poisons you! The adder bites you.
* * * LOW HITPOINT WARNING * * *
You are more poisoned.
The adder poisons you!
You closely miss the adder.
The adder is almost dead.
* * * LOW HITPOINT WARNING * * *
You feel very sick. The adder barely misses you.
Unknown command.
You closely miss the adder.
Your tail-slap misses the adder.
The adder is almost dead.
* * * LOW HITPOINT WARNING * * *
You feel very sick. The adder barely misses you. The adder closely misses you.
Unknown command.
It was a potion of mutation.
You feel extremely strange.
You feel less energetic.
You feel yourself wasting away.
Your skin feels very cold.
You die...

Action                   || total
-------------------------++-------
Melee: Hand axe          ||    80
       Tailslap          ||     9
Invok: Depart the Abyss  ||     1
  Use: Potion            ||     1
Armor: Leather armour    ||    41
Dodge: Dodged            ||    37

Levels and vault maps discovered:
D:1:      eino_arrival_water_star, layout_loops_cross, serial_aquarium,
          aquarium_bridge_square [aquarium_subvault_bridge,
          aquarium_subvault_window, aquarium_subvault_wall,
          aquarium_subvault_bridge], aquarium_bridge_straight
          [aquarium_subvault_bridge, aquarium_subvault_balcony,
          aquarium_subvault_bridge, aquarium_subvault_window],
          aquarium_window_corridor_3, aquarium_window_1, aquarium_window_corner,
          aquarium_view_2b, aquarium_view_2e, aquarium_balcony_5b
D:2:      layout_loops_ring, basic_altar, uniq_jessica

Notes
Turn   | Place    | Note
-------+----------+-------------------------------------------
     0 | Abyss:1  | sanka the Palentonga Abyssal Knight began the quest for the
                  | Orb.
     0 | Abyss:1  | Reached XP level 1. HP: 19/19 MP: 2/2
    35 | Abyss:1  | Noticed a large abomination
    38 | Abyss:1  | Noticed a juggernaut zombie
    41 | D:1      | Escaped the Abyss
   420 | D:1      | Reached XP level 2. HP: 13/25 MP: 3/3
   754 | D:1      | Identified a scarf of resistance
   825 | D:1      | Reached skill level 3 in Axes
  1266 | D:2      | Reached XP level 3. HP: 26/31 MP: 4/4
  1327 | D:2      | Reached * piety under Lugonu
  1585 | D:2      | Reached skill level 4 in Axes
  1713 | D:2      | Noticed Jessica
  1728 | D:2      | HP: 1/31 [poisoned by an adder]
  1729 | D:2      | Gained mutation: Your magical capacity is low. (-10% MP)
                  | [potion of mutation]
  1729 | D:2      | Gained mutation: Your body sometimes deteriorates upon
                  | taking damage. [potion of mutation]
  1729 | D:2      | Gained mutation: A frigid envelope surrounds you and
                  | freezes all who hurt you. [potion of mutation]
  1729 | D:2      | Succumbed to an adder's poison

Vanquished Creatures
  3 adders (D:2)
  3 bats
  4 endoplasms
  A giant cockroach (D:1)
  2 goblins (D:1)
  A hobgoblin (D:2)
  2 quokkas (D:1)
  4 ball pythons
  4 kobolds (D:1)
24 creatures vanquished.
